 Dungeon Crawl Stone Soup version 0.27-a0-1502-g47ed6a6988 (webtiles) character file.

Game seed: 4224815405985000080

72290 robertstho the Severer (level 15, -8/213 (217) HPs)
             Began as a Minotaur Berserker on July 8, 2021.
             Was a High Priest of Trog.
             Mangled by a naga (15 damage)
             ... on level 1 of the Snake Pit.
             The game lasted 00:35:06 (22236 turns).

robertstho the Severer (Minotaur Berserker)        Turns: 22236, Time: 00:35:07

HP:   -8/213 (217)  AC: 29    Str: 27      XL:     15   Next: 0%
MP:   14/14         EV:  4    Int: 11      God:    Trog [*****.]
Gold: 1320          SH:  0    Dex:  9 (10) Spells: 14/14 levels left

rFire    + + .     SeeInvis +   V - +1 executioner's axe (flame)
rCold    . . .     Faith    .   (shield currently unavailable)
rNeg     . . .     Spirit   .   h - +0 crystal plate armour
rPois    +         Reflect  .   (helmet restricted)
rElec    .         Harm     +   k - +1 cloak of the Bagpipe {-Cast Harm rF++ SInv}
rCorr    +         Rampage  .   q - +0 pair of gloves
Will     +....     NoCast   +   (no boots)
Stlth    ..........             A - amulet "Rikhly" {Drain Regen+ rCorr Int+6}
HPRegen  1.45/turn              e - ring of poison resistance
MPRegen  0.14/turn              H - ring of flight

@: berserking (expiring), flying, constricted, studying Throwing, lightly
drained, very quick
A: horns 2, retaliatory headbutt, deterioration 1
a: Renounce Religion, Berserk, Trog's Hand, Brothers in Arms


You were on level 1 of the Snake Pit.
You worshipped Trog.
Trog was extremely pleased with you.
You visited 4 branches of the dungeon, and saw 19 of its levels.
You also visited: Sewer.

You collected 2338 gold pieces.
You spent 1018 gold pieces at shops.

Inventory:

Hand Weapons
 a - a +0 vampiric hand axe
 C - a +4 battleaxe of freezing
 J - a +3 scimitar of flaming
 V - a +1 executioner's axe of flaming (weapon)
Armour
 h - a +0 crystal plate armour (worn)
 k - the +1 cloak of the Bagpipe (worn) {-Cast Harm rF++ SInv}
   (You bought it in a shop on level 2 of the Orcish Mines)

   rF:        It greatly protects you from fire.
   SInv:      It lets you see invisible.
   -Cast:     It prevents spellcasting.
   Harm:      It increases damage dealt and taken.
 q - a +0 pair of gloves (worn)
 x - a +0 kite shield
 M - a +0 cloak of poison resistance
Jewellery
 e - a ring of poison resistance (left hand)
 z - a ring of ice
 A - the amulet "Rikhly" (around neck) {Drain Regen+ rCorr Int+6}
   (You acquired it on level 5 of the Lair of Beasts)

   [amulet of regeneration]

   Int:       It affects your intelligence (+6).
   Regen:     It increases your rate of health regeneration.
   rCorr:     It protects you from acid and corrosion.
   Drain:     It drains your maximum health when unequipped.
 H - a ring of flight (right hand)
 L - a ring of protection from cold
 P - a ring of positive energy
Wands
 b - a wand of digging (5)
 c - a wand of iceblast (39)
 w - a wand of acid (16)
 y - a wand of mindburst (45)
Scrolls
 l - a scroll of identify
 n - a scroll of fear
 p - 3 scrolls of blinking
 r - 9 scrolls of teleportation
 u - 2 scrolls of magic mapping
 B - 4 scrolls of enchant weapon
 D - 2 scrolls of summoning
 F - 3 scrolls of fog
 G - a scroll of brand weapon
 O - a scroll of enchant armour
 T - a scroll of holy word
Potions
 d - 3 potions of ambrosia
 f - 5 potions of flight
 g - 3 potions of might
 i - 3 potions of attraction
 j - a potion of magic
 m - 3 potions of haste
 o - 3 potions of lignification {unknown}
 t - 3 potions of degeneration {unknown}
 v - 3 potions of invisibility
 E - 4 potions of resistance
 I - 5 potions of curing
 N - a potion of cancellation
 S - a potion of berserk rage
 U - a potion of mutation


   Skills:
 * Level 16.5 Fighting
 + Level 1.9 Long Blades
 + Level 18.1 Axes
 * Level 17.8 Armour
 + Level 3.3 Dodging
 + Level 0.9 Stealth
 + Level 2.3 Shields


You had 14 spell levels left.
You didn't know any spells.
Your spell library was empty.

Dungeon Overview and Level Annotations

Branches:
Dungeon (10/15)            Temple (0/1) D:7            Lair (6/6) D:9
  Swamp (0/4) Lair:2        Snake (1/4) Lair:2        Slime (0/5) Lair:5
    Orc (2/2) D:9             Elf (0/3) Orc:2         Sewer (visited)

Altars:
Cheibriados
Elyvilon
Fedhas
Gozag
Hepliaklqana
Kikubaaqudgha
Makhleb
Okawaru
Qazlal
Uskayaw
Xom
Zin
The Shining One
Beogh
Jiyva

Shops:
D:3 (   D:4 [   D:6 [   Orc:1 [   Orc:2 [:?[


Innate Abilities, Weirdness & Mutations

You have a pair of horns on your head.
You reflexively headbutt those who attack you in melee.
Your body sometimes deteriorates upon taking damage.


Message History

You headbutt the shock serpent.
You kill the shock serpent!
Trog accepts your kill.
You closely miss the anaconda.
The air sparks with electricity, shocking you!
* * * LOW HITPOINT WARNING * * *
The anaconda bites you but does no damage.
The anaconda constricts you.
The naga hits you from afar with a +0 trident.
* * * LOW HITPOINT WARNING * * *
You have reached level 15!
Your experience leads to an increase in your attributes!
Your base attributes are Str 26, Int 5, Dex 10.
Increase (S)trength, (I)ntelligence, or (D)exterity?
You feel stronger.
Unknown command.
The anaconda's grasp on you weakens, but your attempt to escape fails.
The anaconda bites you but does no damage.
The anaconda constricts you. The naga hits you but does no damage.
You barely miss the anaconda. Your headbutt misses the anaconda.
The anaconda is heavily wounded.
The anaconda bites you.
* * * LOW HITPOINT WARNING * * *
x2 The anaconda constricts you.
Your crystal plate armour prevents you from hitting the anaconda.
The anaconda is heavily wounded.
The anaconda bites you but does no damage.
* * * LOW HITPOINT WARNING * * *
The anaconda constricts you. The naga barely misses you.
You barely miss the anaconda.
The anaconda is heavily wounded.
The anaconda bites you but does no damage.
The anaconda constricts you.
You slash the anaconda! You burn the anaconda. You headbutt the anaconda!
The anaconda is almost dead.
The anaconda bites you but does no damage.
* * * LOW HITPOINT WARNING * * *
The anaconda constricts you.
The naga hits you from afar with a +0 trident!
You die...

..#. .... .>.8.
..... ....#
#.###### #N..#
#......###....# #
######...@†8.# #.
#.###S..# ##.####
#..# #.##
#......###..###.#.
..................
........###.#####.
........###.## .#
........<....# #
.............#


You could see an anaconda and a naga.

Vanquished Creatures
  A Tzitzimitl (Lair:6)
  An orc warlord (Orc:2)
  A quicksilver ooze (Lair:2)
  A reaper (Lair:6)
  A dire elephant (Lair:6)
  Erolcha (D:9)
  An ogre mage (D:10)
  4 hydras
  A boulder beetle (Lair:4)
  A catoblepas (Lair:2)
  3 centaur warriors (D:10)
  8 two-headed ogres
  2 death yaks (Lair:6)
  A tengu warrior (D:10)
  5 orc high priests (Orc:2)
  A shock serpent (Snake:1)
  Nergalle (Lair:1)
  3 skeletal warriors
  A lindwurm (Lair:3)
  3 orc knights (Orc:2)
  3 orc sorcerers (Orc:2)
  A wolf spider (Lair:6)
  A deep elf pyromancer (D:10)
  An ugly thing (D:10)
  2 manticores (Lair:6)
  A cyclops (D:10)
  10 elephants
  7 black mambas
  9 cane toads
  A gargoyle (D:10)
  10 komodo dragons
  6 rime drakes
  An efreet (D:10)
  3 meliai (Lair:5)
  3 polar bears (Lair:5)
  A hornet (D:8)
  2 trolls (Orc:2)
  16 blink frogs
  2 tyrant leeches (Lair:2)
  A meliai zombie (D:10)
  2 slime creatures (Lair:2)
  A dream sheep (Lair:6)
  Sigmund (D:3)
  41 yaks
  4 wyverns
  A wraith (D:6)
  A shadow (D:10)
  A fire elemental (Lair:6)
  3 basilisks
  A steam dragon (D:8)
  4 vampire mosquitoes
  Menkaure (D:7)
  3 wargs (Orc:2)
  3 nagas
  10 water moccasins
  An ice beast (D:6)
  A sky beast (D:7)
  A black bear (shapeshifter) (D:10)
  41 orc warriors
  3 black bears
  2 necrophages (D:7)
  8 ogres
  4 centaurs
  8 wolves
  A kobold brigand (D:8)
  A gnoll sergeant (D:8)
  10 bullfrogs
  2 scorpions
  2 wyvern zombies
  14 wights
  19 killer bees
  A howler monkey (D:8)
  2 electric eels (Lair:2)
  7 centaur zombies
  A hound (D:5)
  18 jellies
  25 orc priests
  3 gnoll shamans
  3 bullfrog skeletons
  3 centaur skeletons
  A scorpion zombie (D:5)
  Ijyb (D:3)
  An iguana (D:3)
  20 orc wizards
  A howler monkey zombie (D:7)
  19 gnolls
  5 adders
  A river rat (D:5)
  2 white imps (D:6)
  An ufetubus (D:6)
  5 worms
  97 orcs
  10 endoplasms
  3 giant cockroaches (D:1)
  5 goblins
  8 hobgoblins
  13 jackals
  5 quokkas
  12 ball pythons
  13 bats
  12 kobolds
  10 rats
625 creatures vanquished.

Vanquished Creatures (collateral kills)
  The ghost of Exaltedone87 the Carver, a journeyman DsGl of Nemelex Xobeh (Lair:2)
  A hydra (Lair:6)
  A catoblepas (Lair:6)
  A death yak (Lair:6)
  2 skeletal warriors
  A lindwurm (Lair:6)
  An elephant (Lair:6)
  A rime drake (Lair:6)
  A queen bee (Lair:5)
  2 dream sheep (Lair:6)
  2 orc warriors (Orc:2)
  2 orc priests (Orc:2)
  3 orcs (Orc:2)
19 creatures vanquished.

Vanquished Creatures (others)
  An orc wizard (Orc:2)
  A fire vortex (Lair:6)
  17 fungi
  46 plants
65 creatures vanquished.

Grand Total: 709 creatures vanquished

Notes
Turn   | Place    | Note
-------+----------+-------------------------------------------
     0 | D:1      | robertstho the Minotaur Berserker began the quest for the
                  | Orb.
     0 | D:1      | Reached XP level 1. HP: 19/19 MP: 0/0
   224 | D:1      | Reached skill level 4 in Axes
   224 | D:1      | Reached XP level 2. HP: 27/27 MP: 1/1
   981 | D:2      | Found a faded altar of an unknown god.
  1139 | D:2      | Reached XP level 3. HP: 31/34 MP: 2/2
  1143 | D:2      | Reached ** piety under Trog
  1561 | D:2      | Found a hazy altar of Hepliaklqana.
  1950 | D:3      | Noticed Ijyb
  1955 | D:3      | Paralysed by Ijyb for 7 turns
  1971 | D:3      | Killed Ijyb
  1972 | D:3      | Reached XP level 4. HP: 32/41 MP: 3/3
  2206 | D:3      | Noticed Sigmund
  2221 | D:3      | Killed Sigmund
  2222 | D:3      | Reached skill level 5 in Fighting
  2222 | D:3      | Reached skill level 5 in Axes
  2222 | D:3      | Reached XP level 5. HP: 28/49 MP: 4/4
  2222 | D:3      | Reached XP level 6. HP: 32/56 MP: 5/5
  2419 | D:3      | Found Kixkos's Weapon Shop.
  2665 | D:4      | Found Deohown's Armour Emporium.
  2807 | D:4      | Reached skill level 6 in Axes
  2807 | D:4      | Reached skill level 5 in Armour
  2871 | D:4      | Reached XP level 7. HP: 59/63 MP: 6/6
  3687 | D:4      | Reached *** piety under Trog
  3699 | D:4      | Found an iron altar of Okawaru.
  3814 | D:5      | Entered Level 5 of the Dungeon
  3880 | D:5      | Reached skill level 7 in Axes
  4315 | D:5      | Reached XP level 8. HP: 71/71 MP: 7/7
  4411 | D:5      | Found a glowing drain.
  4429 | Sewer    | Entered a sewer
  4811 | Sewer    | Reached **** piety under Trog
  5206 | D:6      | Reached skill level 8 in Axes
  6065 | D:6      | Found Roqafuco's Armour Shoppe.
  6323 | D:6      | Found a glowing silver altar of Zin.
  6560 | D:6      | Identified a scroll of acquirement
  6563 | D:6      | Acquired a +0 crystal plate armour
  6606 | D:7      | Found a staircase to the Ecumenical Temple.
  6790 | D:7      | Reached XP level 9. HP: 68/80 MP: 8/8
  6796 | D:7      | Reached skill level 9 in Axes
  6813 | D:7      | Noticed Menkaure
  6820 | D:7      | Killed Menkaure
  7110 | D:7      | Reached ***** piety under Trog
  7248 | D:7      | Reached skill level 10 in Armour
  7500 | D:8      | Noticed a skeletal warrior
  7500 | D:8      | Noticed a skeletal warrior
  7500 | D:8      | Noticed a skeletal warrior
  7501 | D:8      | Noticed a skeletal warrior
  7845 | D:7      | Killed a skeletal warrior
  7863 | D:7      | Killed a skeletal warrior
  7864 | D:7      | Reached skill level 10 in Axes
  8249 | D:7      | You fall into a shaft and drop 1 floor!
  8298 | D:8      | Reached XP level 10. HP: 85/91 MP: 9/9
  8372 | D:8      | HP: 1/91 [skeletal warrior[a skeletal warrior] (14)]
  8372 | D:8      | Killed a skeletal warrior
  8633 | D:8      | Killed a skeletal warrior
  8638 | D:8      | Identified the +0 chain mail "Xib Welu" {Int+5}
  8776 | D:8      | Noticed a skeletal warrior
  8792 | D:8      | Killed a skeletal warrior
  9116 | D:8      | Reached skill level 1 in Shields
  9317 | D:9      | Reached skill level 10 in Fighting
  9328 | D:9      | Reached skill level 11 in Axes
  9444 | D:9      | Found a staircase to the Orcish Mines.
  9824 | D:9      | Noticed Erolcha
  9831 | D:9      | Killed Erolcha
  9832 | D:9      | Reached XP level 11. HP: 73/101 MP: 10/10
 10261 | D:9      | Found a staircase to the Lair.
 10303 | D:10     | Entered Level 10 of the Dungeon
 10303 | D:10     | Noticed a centaur warrior
 10311 | D:10     | Killed a centaur warrior
 10312 | D:10     | Reached skill level 12 in Axes
 10490 | D:10     | Noticed an ogre mage
 10490 | D:10     | Noticed a five-headed hydra
 10491 | D:10     | Noticed a centaur warrior
 10496 | D:10     | Killed an ogre mage
 10502 | D:10     | Noticed a red ugly thing
 10503 | D:10     | Killed a centaur warrior
 10508 | D:10     | Killed a nine-headed hydra
 10514 | D:10     | Killed a red ugly thing
 10517 | D:10     | HP: 5/104 [cyclops (1)]
 10518 | D:10     | HP: 2/104 [efreet (1)]
 10914 | D:10     | Reached skill level 13 in Axes
 11273 | D:10     | Noticed a two-headed ogre
 11278 | D:10     | Killed a two-headed ogre
 11661 | D:10     | Found an opulent altar of Gozag.
 11666 | D:10     | Found a snail-covered altar of Cheibriados.
 11667 | D:10     | Found a shimmering altar of Xom.
 11668 | D:10     | Found a burning altar of Makhleb.
 11668 | D:10     | Found a hazy altar of Hepliaklqana.
 11668 | D:10     | Found a hide-covered altar of Uskayaw.
 11668 | D:10     | Found a blossoming altar of Fedhas.
 11668 | D:10     | Found a glowing golden altar of the Shining One.
 11669 | D:10     | Found an ancient bone altar of Kikubaaqudgha.
 11671 | D:10     | Found a stormy altar of Qazlal.
 11673 | D:10     | Found a white marble altar of Elyvilon.
 11928 | D:10     | Noticed a tengu warrior
 11940 | D:10     | Killed a tengu warrior
 12053 | D:10     | Reached XP level 12. HP: 112/112 MP: 11/11
 12055 | D:10     | Noticed a centaur warrior
 12063 | D:10     | Killed a centaur warrior
 12258 | Lair:1   | Entered Level 1 of the Lair of Beasts
 12258 | Lair:1   | Noticed Nergalle
 12269 | Lair:1   | Killed Nergalle
 12311 | Lair:1   | Noticed a five-headed hydra
 12330 | Lair:1   | Killed a one-headed hydra
 12752 | Lair:1   | Reached skill level 14 in Axes
 12757 | Lair:1   | Reached skill level 1 in Long Blades
 13820 | Lair:2   | Noticed a seven-headed hydra
 13825 | Lair:2   | Killed a six-headed hydra
 13826 | Lair:2   | Reached skill level 15 in Armour
 13920 | Lair:2   | Found a staircase to the Snake Pit.
 13928 | Lair:2   | Received a gift from Trog
 14083 | Lair:2   | Found a runed translucent gate.
 14100 | Lair:2   | Found a runed translucent gate.
 14101 | Lair:2   | Found a runed translucent gate.
 14102 | Lair:2   | Noticed a quicksilver ooze
 14103 | Lair:2   | Found a viscous altar of Jiyva.
 14103 | Lair:2   | Noticed Exaltedone87's ghost (journeyman DsGl)
 14218 | Lair:2   | Noticed a catoblepas
 14223 | Lair:2   | Killed a catoblepas
 14386 | Lair:2   | Found a staircase to the Swamp.
 14405 | Lair:2   | Reached XP level 13. HP: 112/123 MP: 7/12
 14666 | Lair:2   | Killed a quicksilver ooze
 14667 | Lair:2   | Reached skill level 15 in Axes
 14667 | Lair:2   | Killed Exaltedone87's ghost
 14676 | Lair:2   | Identified the +4 mace of Ciroussulu {freeze, rN+ Str+4}
 16607 | Lair:4   | Identified the +2 leather armour of Courage {rN+ Regen+
                  | Int+5}
 17114 | Lair:5   | Reached skill level 16 in Axes
 17866 | Lair:5   | Received a gift from Trog
 17896 | Lair:5   | Reached skill level 15 in Fighting
 18116 | Lair:5   | Found a staircase to the Slime Pits.
 18554 | Lair:5   | Acquired 834 gold pieces
 18556 | Lair:5   | Acquired the amulet "Rikhly" {Drain Regen+ rCorr Int+6}
 18596 | Lair:6   | Entered Level 6 of the Lair of Beasts
 18602 | Lair:6   | Reached XP level 14. HP: 135/135 MP: 13/13
 18793 | Lair:6   | Noticed a reaper
 18797 | Lair:6   | Noticed a Tzitzimitl
 18804 | Lair:6   | HP: 8/202 [reaper[a Zot trap] (17)]
 18805 | Lair:6   | Gained mutation: Your body sometimes deteriorates upon
                  | taking damage. [mutagenic glow]
 18936 | Lair:6   | Killed a reaper
 19085 | Lair:6   | Killed a Tzitzimitl
 19211 | Lair:6   | Found a glowing golden altar of the Shining One.
 19762 | Lair:6   | Reached skill level 17 in Axes
 19781 | Lair:6   | Identified the +7 great mace of the Traitor {elec, rPois
                  | rCorr Dex-2}
 19958 | Orc:1    | Entered Level 1 of the Orcish Mines
 20006 | Orc:1    | Found Kupsi's Armour Shoppe.
 20338 | Orc:2    | Entered Level 2 of the Orcish Mines
 20344 | Orc:2    | Received a gift from Trog
 20476 | Orc:2    | Noticed an orc warlord
 20493 | Orc:2    | Killed an orc warlord
 20802 | Orc:2    | Found Uxic's Magic Scroll Emporium.
 20823 | Orc:2    | Bought a scroll of identify for 32 gold pieces
 20823 | Orc:2    | Bought a scroll of vulnerability for 120 gold pieces
 20823 | Orc:2    | Bought a scroll of identify for 32 gold pieces
 20823 | Orc:2    | Bought a scroll of blinking for 120 gold pieces
 20823 | Orc:2    | Bought a scroll of fog for 32 gold pieces
 20823 | Orc:2    | Bought a scroll of holy word for 120 gold pieces
 20823 | Orc:2    | Bought a scroll of teleportation for 48 gold pieces
 20823 | Orc:2    | Bought a scroll of teleportation for 48 gold pieces
 20823 | Orc:2    | Bought a scroll of teleportation for 48 gold pieces
 20823 | Orc:2    | Bought a scroll of identify for 32 gold pieces
 20823 | Orc:2    | Bought a scroll of enchant weapon for 120 gold pieces
 20865 | Orc:2    | Found Ybluax's Armour Boutique.
 20867 | Orc:2    | Received a gift from Trog
 21369 | Orc:2    | Found Wenageg's Antique Armour Emporium.
 21378 | Orc:2    | Reached skill level 18 in Axes
 21384 | Orc:2    | Bought a crude cloak for 266 gold pieces
 21384 | Orc:2    | Identified the +1 cloak of the Bagpipe {-Cast Harm rF++
                  | SInv} (You bought it in a shop on level 2 of the Orcish
                  | Mines)
 21419 | Orc:2    | Found Gumihon's Book Shoppe.
 21747 | Orc:2    | Found a staircase to the Elven Halls.
 22206 | Snake:1  | Entered Level 1 of the Snake Pit
 22232 | Snake:1  | Reached XP level 15. HP: 11/142 MP: 14/14
 22233 | Snake:1  | HP: 9/213 [anaconda (3)]
 22236 | Snake:1  | Mangled by a naga

Illustrated notes

Levels and vault maps discovered:
D:1:      minmay_arrival_glassed_features, layout_loops_ring, serial_rivers,
          chequers_serial_rivers_marsh, chequers_serial_rivers_micro_d,
          chequers_serial_rivers_micro_c, chequers_serial_rivers_small_a,
          chequers_serial_rivers_marsh, minivault_25, minmay_tall_x
D:2:      layout_loops_ring, basic_altar, shapermc_ecumenical_altar_rom_forum
D:3:      layout_basic, serial_shops, nicolae_shop_crystal, uniq_sigmund,
          uniq_ijyb
D:4:      layout_loops_ring, okawaru_altar_gauntlet_db, serial_shops,
          nicolae_shop_stone, sigmund_army
D:5:      layout_basic, portal_sewer_entry_b
D:6:      layout_cave_pods, nicolae_overflow_crystal_walls, serial_shops,
          kennysheep_little_box
D:7:      layout_rooms, minmay_temple_entry_grid, st_stairs_9, uniq_menkaure
D:8:      layout_cave_pools
D:9:      layout_small_grid, lair_entry_dummy, uniq_erolcha
D:10:     layout_loops_corners, minitemple, skrybe_limestone_x,
          minmay_the_grid_2x2 [minmay_the_grid_garden, minmay_the_grid_tree,
          minmay_the_grid_holed_spiral, minmay_the_grid_prize_four_corners]
Lair:1:   layout_chaotic_city, grunt_megastairs_4, uniq_nergalle
Lair:2:   layout_chaotic_city, minmay_swamp_entry_worms,
          guppyfry_snake_entry_island, gammafunk_ghost_ooze, st_stairs_7,
          serial_bayou_shore_a, grunt_megastairs_3
Lair:3:   cheibrodos_lair_overgrown_chateau, layout_big_grid
Lair:4:   layout_regular_city, nzn_sisyphean_effort
Lair:5:   layout_roguey, minmay_slime_entry_jelly_boxes, special_room
          [special_room_bee], infiniplex_staircase_pool_2
Lair:6:   hangedman_lair_in_review, layout_gridlike, basic_altar
Snake:1:  layout_gridlike, serial_shops, nicolae_shop_overgrown_old_shop,
          grunt_ministairs_13
Orc:1:    layout_caves, serial_shops, nicolae_shop_crystal
Orc:2:    pubby_orc_utopia, serial_shops

Skill      XL: |  1  2  3  4  5  6  7  8  9 10 11 12 13 14 |
---------------+-------------------------------------------+-----
Fighting       | 4 5 6 7 9 10 12 13 15 16 | 16.5
Axes           | 4 5 6 7 8 10 11 13 14 16 18 | 18.1
Armour         | 3 4 5 6 9 11 13 14 15 16 17 | 17.8
Dodging        | 3 |  3.3
Shields        | 2 |  2.3
Long Blades    | 1 |  1.9
Stealth        | |  0.9

Action                   |  1- 3 |  4- 6 |  7- 9 | 10-12 | 13-15 || total
-------------------------+-------+-------+-------+-------+-------++-------
Melee: Hand axe          |    93 |   100 |   395 |    97 |       ||   685
       Headbutt          |    14 |    13 |    85 |    65 |   135 ||   312
       Battleaxe         |       |       |       |   259 |   366 ||   625
       Scimitar          |       |       |       |    11 |    10 ||    21
       Executioner's axe |       |       |       |       |   269 ||   269
Invok: Berserk           |     2 |     2 |     7 |    11 |     9 ||    31
       Trog's Hand       |     1 |     1 |       |     1 |     2 ||     5
       Brothers in Arms  |       |       |     1 |     1 |     5 ||     7
  Use: Scroll            |     5 |       |     6 |     5 |    18 ||    34
       Potion            |     1 |       |     1 |     1 |     3 ||     6
Armor: Animal skin       |    10 |       |       |       |       ||    10
       Chain mail        |    23 |    57 |   134 |       |       ||   214
       Crystal plate arm |       |       |   110 |   311 |   577 ||   998
Dodge: Dodged            |    42 |    33 |   132 |   112 |   237 ||   556
Block: Kite shield       |       |       |       |    50 |       ||    50
       Rpst.: Scimitar   |       |       |       |     3 |       ||     3

Table legend: (Time is in decaauts)
 A = Elapsed time spent in this place.
 B = Non-inter-level travel time spent in this place.
 C = Inter-level travel time spent in this place.
 D = Time resting spent in this place.
 E = Time spent auto-exploring this place.
 F = Levels seen in this place.
 G = Mean time per level.
                   A        B        C        D        E       F      G
               +--------+--------+--------+--------+--------+-----+--------+
         Total |  22626 |  21747 |    879 |   1631 |  16518 |  20 | 1131.3 |
       Dungeon |  11984 |  11514 |    470 |   1260 |   8651 |  10 | 1198.4 |
          Lair |   7842 |   7496 |    346 |    371 |   6067 |   6 | 1307.0 |
     Snake Pit |     28 |     28 |      0 |      0 |     13 |   1 |   28.0 |
  Orcish Mines |   2212 |   2150 |     62 |      0 |   1500 |   2 | 1106.0 |
         Sewer |    559 |    559 |      0 |      0 |    286 |   1 |  559.0 |
               +--------+--------+--------+--------+--------+-----+--------+

Top non-repeatable levels by time:
    D:10: 1952 daAuts
   Orc:2: 1802 daAuts
     D:6: 1733 daAuts
  Lair:5: 1571 daAuts
  Lair:2: 1451 daAuts
     D:7: 1355 daAuts
  Lair:4: 1332 daAuts
  Lair:6: 1283 daAuts
  Lair:1: 1210 daAuts
     D:4: 1171 daAuts
     D:8: 1092 daAuts
     D:9: 1060 daAuts
  Lair:3: 992 daAuts
     D:1: 989 daAuts
     D:5: 912 daAuts
